 Dungeon Crawl Stone Soup version 0.32-a0-818-gb728d0252e (webtiles) character file.

Game seed: 11906520299434032901

760 Griffin23 the Slasher (level 7, -1/62 HPs)
             Began as a Minotaur Fighter on Mar 23, 2024.
             Was an Initiate of Yredelemnul.
             Slain by a gnoll
             ... wielding a +0 halberd
             ... led by a gnoll sergeant
              (9 damage)
             ... on level 6 of the Dungeon.
             The game lasted 00:05:51 (4912 turns).

Griffin23 the Slasher (Minotaur Fighter)            Turns: 4912, Time: 00:05:54

Health: -1/62      AC: 11    Str: 22    XL:     7   Next: 50%
Magic:  6/6        EV:  7    Int:  5    God:    Yredelemnul [......]
Gold:   172        SH:  4    Dex: 10    Spells: 6/6 levels left

rFire   . . .        a - +0 long sword
rCold   . . .        c - +0 buckler
rNeg    . . .        A - +0 chain mail
rPois   .            (helmet restricted)
rElec   .            (no cloak)
rCorr   .            v - +0 pair of gloves
SInv    .            (no boots)
Will    .....        (no amulet) Stlth
                     (no ring)
HPRegen 0.30/turn    (no ring)
MPRegen 0.10/turn

%: no passive effects
@: mighty, wreathed by umbra
A: horns 2, retaliatory headbutt
a: Renounce Religion, Light the Black Torch, Recall Undead Harvest


You were on level 6 of the Dungeon.
You worshipped Yredelemnul.
Yredelemnul was noncommittal.
You visited 1 branch of the dungeon, and saw 6 of its levels.

You collected 172 gold pieces.

Inventory:

Hand Weapons
 a - a +0 long sword (weapon)
Missiles
 g - 7 javelins (quivered)
Armour
 b - a +0 scale mail
 c - a +0 buckler (worn)
 v - a +0 pair of gloves (worn)
 A - a +0 chain mail (worn)
Jewellery
 l - a ring of wizardry
 u - a ring of poison resistance
 w - a +6 ring of intelligence
 x - a ring of magical power
Wands
 n - a wand of iceblast (11)
 t - a wand of flame (13)
Scrolls
 e - a scroll of torment {unknown}
 h - 4 scrolls of identify {unknown}
 j - a scroll of revelation {unknown}
 q - a scroll of fog {unknown}
 r - a scroll of vulnerability {unknown}
 y - a scroll of immolation {unknown}
 z - a scroll of noise {unknown}
Potions
 d - 2 potions of might
 f - a potion of curing
 i - a potion of brilliance {unknown}
 k - a potion of attraction {unknown}
 m - a potion of degeneration {unknown}
 o - a potion of enlightenment {unknown}
 p - a potion of berserk rage {unknown}
 s - a potion of resistance {unknown}


   Skills:
 + Level 5.8 Fighting
 * Level 6.6 Long Blades
 + Level 5.8 Armour
 + Level 5.8 Shields


You had 6 spell levels left.
You didn't know any spells.
Your spell library contained the following spells:

 Spells                   Type           Power      Damage    Failure   Level
 Blink                    Tloc           0%         N/A       99%         2
 Lesser Beckoning         Tloc           0%         N/A       99%         2
 Momentum Strike          Conj/Tloc      0%         3d8       99%         2
 Frozen Ramparts          Ice            0%         1d1       100%        3
 Gell's Gravitas          Tloc           0%         N/A       100%        3
 Ozocubu's Armour         Ice            0%         N/A       100%        3
 Teleport Other           Tloc           0%         N/A       100%        3
 Tukima's Dance           Hex            0%         N/A       100%        3
 Dimensional Bullseye     Hex/Tloc       0%         N/A       100%        4
 Iskenderun's Mystic Bla  Conj/Tloc      0%         2d3       100%        4
 Metabolic Englaciation   Hex/Ice        0%         N/A       100%        5
 Dispersal                Tloc           0%         N/A       100%        6


Dungeon Overview and Level Annotations

Branches:
Dungeon (6/15)
 Temple: D:4-7

Altars:
Yredelemnul

Shops:
D:2 =   D:5 *


Innate Abilities, Weirdness & Mutations

You have a pair of horns on your head.
You reflexively headbutt those who attack you in melee.


Message History

Something hits your gnoll zombie!
The gnoll hits you from afar with a +0 spear.
* * * LOW HITPOINT WARNING * * *
Your gnoll zombie hits the gnoll.
It was a potion of curing.
You feel better.
The gnoll hits your gnoll zombie with a +0 spear.
Your gnoll zombie hits the gnoll.
You feel better.
The gnoll hits your gnoll zombie with a +0 spear!
Your gnoll zombie is destroyed!
You are too injured to fight recklessly!
You are too injured to fight recklessly!
The gnoll hits you with a +0 spear.
* * * LOW HITPOINT WARNING * * *
The gnoll hits you from afar with a +0 spear.
* * * LOW HITPOINT WARNING * * *
You barely miss the gnoll. Your headbutt misses the gnoll.
The gnoll is severely wounded.
You block the gnoll's attack. x2
You slash the gnoll!
You kill the gnoll!
Their soul becomes fuel for the torch.
The dead are walking!
You block the gnoll's attack.
The gnoll hits you from afar with a +0 spear.
* * * LOW HITPOINT WARNING * * *
Your gnoll zombie hits the gnoll.
You block the gnoll's attack.
Your gnoll zombie hits the gnoll but does no damage.
Your gnoll zombie hits the gnoll.
The gnoll hits you from afar with a +0 spear!
* * * LOW HITPOINT WARNING * * *
You are too injured to fight recklessly!
The gnoll hits you but does no damage.
You slash the gnoll!
You kill the gnoll!
Their soul becomes fuel for the torch.
The dead are walking!
The gnoll hits you from afar with a +0 halberd!
You die...
Your body rises from the dead as a mindless zombie.

..................#
#####.##..##.##..#### ##
.####.##..##.##..##.##..
........................
........................
........................
########.....###Z...###
.# ..##########....##..
.# .........g#)@.......
.# ..........#Z........
.# ........g)g.........
## ####################


You could see a gnoll (ally target) and 2 friendly gnoll zombies.

Vanquished Creatures
  Edmund (D:5)
  Duvessa (D:5)
  A gnoll sergeant (D:6)
  A scorpion (D:5)
  Dowan (D:5)
  3 hounds (D:4)
  A bombardier beetle (D:4)
  A jelly (D:6)
  Ijyb (D:3)
  7 gnolls
  5 adders
  2 shadow imps
  2 orcs
  4 ball pythons
  6 bats
  8 endoplasms
  7 giant cockroaches
  7 goblins
  7 hobgoblins
  3 jackals (D:3)
  7 quokkas
  10 frilled lizards
  8 kobolds
  4 rats
98 creatures vanquished.

Vanquished Creatures (collateral kills)
  A quokka (D:4)
  A frilled lizard (D:3)
2 creatures vanquished.

Vanquished Creatures (others)
  A jelly zombie (D:6)
  A gnoll zombie (D:6)
2 creatures vanquished.

Grand Total: 102 creatures vanquished

Notes
Turn   | Place    | Note
-------+----------+-------------------------------------------
     0 | D:1      | Griffin23 the Minotaur Fighter began the quest for the Orb.
     0 | D:1      | Reached XP level 1. HP: 19/19 MP: 0/0
    97 | D:1      | Reached XP level 2. HP: 25/27 MP: 1/1
   466 | D:1      | Reached skill level 3 in Long Blades
   585 | D:1      | Reached XP level 3. HP: 30/33 MP: 2/2
  1109 | D:2      | Found Etso's Jewellery Shoppe.
  1132 | D:2      | Reached XP level 4. HP: 35/40 MP: 3/3
  1186 | D:2      | Found a faded altar of an unknown god.
  1225 | D:2      | Prayed at the altar of an unknown god.
  1225 | D:2      | Became a worshipper of Yredelemnul the Fallen
  1225 | D:2      | Reached * piety under Yredelemnul
  1520 | D:3      | Noticed Ijyb
  1531 | D:3      | Killed Ijyb
  1532 | D:3      | Reached skill level 4 in Long Blades
  1804 | D:3      | Reached XP level 5. HP: 46/47 MP: 4/4
  2741 | D:4      | Reached skill level 5 in Fighting
  2820 | D:4      | Reached skill level 5 in Long Blades
  2820 | D:4      | Reached skill level 5 in Shields
  2820 | D:4      | Reached XP level 6. HP: 56/56 MP: 5/5
  2858 | D:4      | You fall into a shaft and drop 1 floor!
  2858 | D:5      | Entered Level 5 of the Dungeon
  2868 | D:5      | Noticed Dowan
  2869 | D:5      | Noticed Duvessa
  2874 | D:5      | Killed Duvessa
  2875 | D:5      | Reached skill level 5 in Armour
  2878 | D:5      | Killed Dowan
  3806 | D:5      | Found Saaghex's General Store.
  3815 | D:5      | Reached XP level 7. HP: 59/61 MP: 6/6
  4570 | D:5      | Noticed Edmund
  4587 | D:5      | Killed Edmund
  4588 | D:5      | Reached skill level 6 in Long Blades
  4912 | D:6      | Slain by a gnoll

Illustrated notes

Levels and vault maps discovered:
D:1:      ncdulo_halloftheorcs, layout_basic, st_stairs_4, minmay_lizard_pond
D:2:      layout_basic, dreamdust_ecumenical_altar_grove, serial_shops,
          nicolae_shop_waterfront, due_unseen_surprise
D:3:      layout_loops_corners, uniq_ijyb
D:4:      layout_cave_pods
D:5:      layout_loops_cross, serial_shops, shop, minmay_misc_feat_roman,
          corner_web_ring, uniq_edmund, uniq_duvessa
D:6:      layout_gridville, minmay_temple_entry_slanted,
          lightli_ossuary_entry_decrepit_ruins

Skill      XL: |  1  2  3  4  5  6  7 |
---------------+----------------------+-----
Fighting       | 4 5 |  5.8
Armour         | 4 5 |  5.8
Shields        | 4 5 |  5.8
Long Blades    | 3 4 5 6 |  6.6

Action                     |  1- 3 |  4- 6 |  7- 9 || total
---------------------------+-------+-------+-------++-------
  Melee: Long sword        |   107 |   117 |    35 ||   259
         Headbutt          |    15 |    14 |    13 ||    42
 Invoke: Light the Black T |       |       |     1 ||     1
    Use: Potion            |       |     1 |     3 ||     4
 Armour: Scale mail        |   101 |    71 |    10 ||   182
         Chain mail        |       |       |    27 ||    27
  Dodge: Dodged            |    44 |    52 |    28 ||   124
  Block: Buckler           |    27 |    36 |    17 ||    80

Table legend: (Time is in decaauts)
 A = Elapsed time spent in this place.
 B = Non-inter-level travel time spent in this place.
 C = Inter-level travel time spent in this place.
 D = Time resting spent in this place.
 E = Time spent auto-exploring this place.
 F = Levels seen in this place.
 G = Mean time per level.
                   A        B        C        D        E       F      G
               +--------+--------+--------+--------+--------+-----+--------+
         Total |   4973 |   4733 |    240 |    746 |   3329 |   6 |  828.8 |
       Dungeon |   4973 |   4733 |    240 |    746 |   3329 |   6 |  828.8 |
               +--------+--------+--------+--------+--------+-----+--------+

Top non-repeatable levels by time:
     D:5: 1569 daAuts
     D:3: 973 daAuts
     D:1: 904 daAuts
     D:4: 756 daAuts
     D:2: 648 daAuts
     D:6: 121 daAuts
